 Dungeon Crawl Stone Soup version 0.27.1-33-g824d729ab1 (webtiles) character file.

Game seed: 5943732597619648488

137 coolguy420 the Conjurer (level 5, 0/28 HPs)
             Began as a Deep Elf Conjurer on Dec 10, 2021.
             Was an Initiate of Sif Muna.
             Slain by a bullfrog zombie (5 damage)
             ... on level 5 of the Dungeon.
             The game lasted 00:11:58 (3676 turns).

coolguy420 the Conjurer (Deep Elf Conjurer)         Turns: 3676, Time: 00:11:58

Health: 0/28       AC:  2    Str:  4    XL:     5   Next: 0%
Magic:  10/13      EV: 12    Int: 24    God:    Sif Muna [......]
Gold:   370        SH:  0    Dex: 13    Spells: 9/12 levels left

rFire    . . .     SeeInvis .   (no weapon)
rCold    . . .     Faith    .   (no shield)
rNeg     + . .     Spirit   .   a - +0 robe
rPois    .         Reflect  .   (no helmet)
rElec    .         Harm     .   (no cloak)
rCorr    .         Rampage  .   (no gloves)
Will     .....                  (no boots)
Stlth    ++........             g - amulet of magic regeneration
HPRegen  0.09/turn              e - ring of positive energy
MPRegen  0.38/turn              (no ring)

@: no status effects
A: no striking features
a: Renounce Religion


You were on level 5 of the Dungeon.
You worshipped Sif Muna.
Sif Muna was noncommittal.
You visited 2 branches of the dungeon, and saw 6 of its levels.

You collected 370 gold pieces.

Inventory:

Armour
 a - a +0 robe (worn)
Jewellery
 e - a ring of positive energy (left hand)
 g - an amulet of magic regeneration (around neck)
Scrolls
 b - 4 scrolls of identify
 f - 2 scrolls of noise
Potions
 d - a potion of magic {unknown}
 h - a potion of might
 i - a potion of lignification {unknown}
 k - a potion of berserk rage {unknown}
 l - a potion of curing {unknown}


   Skills:
 + Level 2.5 Dodging
 + Level 2.9 Stealth
 + Level 4.3 Spellcasting
 + Level 6.2 Conjurations


You had 9 spell levels left.
You knew the following spells:

 Your Spells              Type           Power      Damage    Failure   Level
a - Magic Dart            Conj           100%       1d8       1%          1
b - Searing Ray           Conj           70%        3d5       1%          2

Your spell library contained the following spells:

 Spells                   Type           Power      Damage    Failure   Level
 Dazzling Flash           Conj/Hex       40%        N/A       8%          3
 Summon Small Mammal      Summ           20%        N/A       10%         1
 Fulminant Prism          Conj/Hex       10%        3d9       26%         4
 Iskenderun's Mystic Bla  Conj/Tloc      20%        2d6       26%         4
 Call Canine Familiar     Summ           5%         N/A       28%         3
 Summon Guardian Golem    Hex/Summ       5%         N/A       28%         3


Dungeon Overview and Level Annotations

Branches:
Dungeon (5/15)             Temple (1/1) D:4

Altars:
Cheibriados
Fedhas
Gozag
Kikubaaqudgha
Qazlal
Sif Muna
Wu Jian
Zin
Lugonu

Shops:
D:1 [

Annotations:
D:4 Sigmund


Message History

It was a scroll of noise.
Unknown command.
You see here 20 stones.
As you read the scroll labelled HABONG GEMEOPH, it crumbles to dust.
It is a scroll of amnesia.
Okay, then.
There is a stone staircase leading down here.
Sigmund says, "Your kind have come here before.
I understand now why.
You desire death..."
Sigmund points at you and mumbles some strange words.
The magic dart hits you!
* * * LOW HITPOINT WARNING * * *
You climb downwards.
Found a stone staircase leading down.
There is a stone staircase leading up here.
Found an escape hatch in the ceiling.
A bullfrog zombie comes into view.
Gozag incites the bullfrog zombie against you.
The bullfrog zombie seems to speed up.
Aiming: Magic Dart (safe; 1% risk of failure)
Press: ? - help, Q - select action, (/) - cycle Shift-Dir - straight line, f - bullfrog zombie
Aim: a bullfrog zombie (fast, incited by Gozag, 100% to hit)
The magic dart hits the bullfrog zombie.
The bullfrog zombie is lightly damaged.
The bullfrog zombie barely misses you.
The bullfrog zombie hits you but does no damage.
Casting: Magic Dart (safe; 1% risk of failure)
Confirm with . or Enter, or press ? or * to list all spells.
Aiming: Searing Ray (safe; 1% risk of failure)
Press: ? - help, Shift-Dir - straight line, f/p - bullfrog zombie
Aim: a bullfrog zombie (lightly damaged, fast, incited by Gozag, 88% to hit)
The searing ray hits the bullfrog zombie!
The bullfrog zombie is heavily damaged. (Press . to maintain the ray.)
The bullfrog zombie hits you.
* * * LOW HITPOINT WARNING * * *
The bullfrog zombie closely misses you.
The searing ray hits the bullfrog zombie!
The bullfrog zombie is severely damaged.
The bullfrog zombie hits you.
You die...

#. .# #.#.# ..
....# #.. ##...#
## ... ....# .#
# #.##...# .#
#.#......# .#
#......@# ##.#
#.##..Z.#####<.#
#...........#
#............#
##..>#####..##
#... ...# ##..
...## ... .....
###. #..###


You could see a bullfrog zombie (fast, incited).

Vanquished Creatures
  A hound (D:4)
  A gnoll (D:1)
  2 adders
  2 adder skeletons (D:4)
  A worm (D:2)
  6 bats
  5 endoplasms
  A giant cockroach (D:1)
  5 goblins
  10 hobgoblins
  12 jackals
  2 quokkas
  5 ball pythons
  A frilled lizard (D:1)
  4 kobolds
  5 rats
63 creatures vanquished.

Notes
Turn   | Place    | Note
-------+----------+-------------------------------------------
     0 | D:1      | coolguy420 the Deep Elf Conjurer began the quest for the
                  | Orb.
     0 | D:1      | Reached XP level 1. HP: 10/10 MP: 6/6
   128 | D:1      | Reached XP level 2. HP: 15/15 MP: 1/8
   241 | D:1      | Reached skill level 5 in Conjurations
   382 | D:1      | Learned a level 2 spell: Searing Ray
   554 | D:1      | Found a faded altar of an unknown god.
   710 | D:1      | Became a worshipper of Gozag Ym Sagoz the Greedy
   729 | D:1      | Found Ophera Eteca's Antique Armour Shop.
   819 | D:1      | Reached XP level 3. HP: 19/19 MP: 7/9
  2019 | D:2      | Found an ornate altar of the Wu Jian Council.
  2192 | D:2      | Reached XP level 4. HP: 24/24 MP: 3/11
  3340 | D:4      | Reached skill level 6 in Conjurations
  3434 | D:4      | Reached XP level 5. HP: 28/28 MP: 9/13
  3488 | D:4      | Noticed Sigmund
  3502 | D:4      | Found a staircase to the Ecumenical Temple.
  3515 | Temple   | Entered the Ecumenical Temple
  3599 | Temple   | Fell from the grace of Gozag
  3599 | Temple   | Became a worshipper of Sif Muna the Loreminder
  3664 | D:5      | Entered Level 5 of the Dungeon
  3676 | D:5      | Slain by a bullfrog zombie

Illustrated notes

Levels and vault maps discovered:
D:1:      dpeg_arrival_simpleton_b, layout_basic,
          dreamdust_ecumenical_altar_statues, serial_shops,
          nicolae_shop_waterfront, wad_floor_pattern_untrapped, st_stairs_9
D:2:      layout_basic, basic_altar
D:3:      layout_basic, chequers_avenue
D:4:      layout_rooms, nicolae_ashenzari_panopticon, minmay_temple_entry_wispy,
          hangedman_glass_teeth, uniq_sigmund
D:5:      layout_basic, serial_shops, shop, nicolae_shop_waterfront, shop,
          uniq_grinder
Temple:   corrupted_temple

Skill      XL: |  1  2  3  4 |
---------------+-------------+-----
Conjurations   | 5 6 |  6.2
Spellcasting   | 4 |  4.3
Dodging        | |  2.5
Stealth        | |  2.9

Action                   |  1- 3 |  4- 6 || total
-------------------------+-------+-------++-------
 Cast: Magic Dart        |    96 |    43 ||   139
       Searing Ray       |       |     1 ||     1
  Use: Scroll            |       |     4 ||     4
Armor: Robe              |     2 |     6 ||     8
Dodge: Dodged            |    13 |     9 ||    22
